 Dungeon Crawl Stone Soup version 0.31-a0-145-g046c7d2549 (webtiles) character file.

Game seed: 17633388709868276537

405 porpoise the Chopper (level 6, -3/57 HPs)
             Began as a Hill Orc Fighter on June 5, 2023.
             Slain by a gnoll sergeant
             ... wielding a +0 antimagic trident
              (6 damage)
             ... on level 4 of the Dungeon.
             The game lasted 00:06:08 (2673 turns).

porpoise the Chopper (Hill Orc Fighter)             Turns: 2673, Time: 00:06:09

Health: -3/57      AC:  6    Str: 21    XL:     6   Next: 87%
Magic:  4/5        EV:  9    Int:  6    God:
Gold:   160        SH:  4    Dex: 10    Spells: 5/5 levels left

rFire   . . .        a - +0 war axe (freeze)
rCold   . . .        c - +0 buckler
rNeg    . . .        s - +0 scale mail
rPois   .            (no helmet)
rElec   .            (no cloak)
rCorr   +            (no gloves)
SInv    .            (no boots)
Will    .....        (no amulet) Stlth
                     f - ring of resist corrosion
HPRegen 0.29/turn    (no ring)
MPRegen 0.09/turn

%: no passive effects
@: no status effects
A: dopey 1, low MP 1
a: no special abilities


You were on level 4 of the Dungeon.
You visited 1 branch of the dungeon, and saw 4 of its levels.

You collected 160 gold pieces.

Inventory:

Hand Weapons
 a - a +0 war axe of freezing (weapon)
 b - a +0 sling
Missiles
 o - 13 poisoned darts (quivered)
Armour
 c - a +0 buckler (worn)
 s - a +0 scale mail (worn)
Jewellery
 f - a ring of resist corrosion (left hand)
Wands
 h - a wand of iceblast (21)
 r - a wand of digging (4)
Scrolls
 e - a scroll of amnesia {unknown}
 g - a scroll of identify {unknown}
 i - a scroll of teleportation {unknown}
 k - a scroll of brand weapon
 m - 2 scrolls of fear {unknown}
 q - a scroll of poison {unknown}
 u - a scroll of noise {unknown}
 y - a scroll of fog {unknown}
Potions
 d - 2 potions of might
 l - a potion of enlightenment {unknown}
 n - a potion of curing
 p - a potion of degeneration {unknown}
 v - a potion of heal wounds {unknown}
 w - a potion of lignification {unknown}
 x - a potion of cancellation {unknown}


   Skills:
 + Level 6.0 Fighting
 * Level 7.7 Axes
 - Level 3.2 Armour
 - Level 3.2 Shields


You had 5 spell levels left.
You didn't know any spells.
Your spell library contained the following spells:

 Spells                   Type           Power      Damage    Failure   Level
 Conjure Ball Lightning   Conj/Air       0%         3x3d6     100%        6
 Discord                  Hex            0%         N/A       100%        8
 Disjunction              Tloc           0%         N/A       100%        8


Dungeon Overview and Level Annotations

Branches:
Dungeon (4/15)
 Temple: D:4-7

Altars:
Uskayaw
Xom
Zin


Innate Abilities, Weirdness & Mutations

You are dopey. (Int -2)
Your magical capacity is low. (-10% MP)


Message History

The gnoll hits you with a +0 spear.
* * * LOW HITPOINT WARNING * * *
The gnoll hits you from afar with a +0 spear.
* * * LOW HITPOINT WARNING * * *
You barely miss the gnoll. You hit the gnoll sergeant.
You freeze the gnoll sergeant. You barely miss the gnoll.
The gnoll sergeant completely misses you.
You block the gnoll's attack. The gnoll hits you with a +0 spear.
* * * LOW HITPOINT WARNING * * *
The gnoll hits you from afar with a +0 spear.
* * * LOW HITPOINT WARNING * * *
It was a potion of curing.
You feel better.
The gnoll sergeant hits you with a +0 antimagic trident.
* * * LOW HITPOINT WARNING * * *
You block the gnoll's attack. The gnoll hits you with a +0 spear!
* * * LOW HITPOINT WARNING * * *
The gnoll hits you from afar with a +0 spear.
* * * LOW HITPOINT WARNING * * *
It was a potion of ambrosia.
You are confused.
You feel invigorated. The gnoll closely misses you. x2
Okay, then.
The gnoll closely misses you. The gnoll hits you with a +0 spear.
* * * LOW HITPOINT WARNING * * *
The gnoll hits you from afar with a +0 spear.
* * * LOW HITPOINT WARNING * * *
You feel less invigorated.
You feel less confused. The gnoll sergeant closely misses you.
The gnoll hits you but does no damage. The gnoll barely misses you.
The gnoll hits you but does no damage.
The gnoll sergeant hits you with a +0 antimagic trident.
* * * LOW HITPOINT WARNING * * *
You feel your power leaking away. The gnoll closely misses you.
You block the gnoll's attack.
The gnoll hits you from afar with a +0 spear.
* * * LOW HITPOINT WARNING * * *
It was a potion of mutation.
You feel extremely strange.
You feel stupid.
You feel less energetic.
The gnoll sergeant hits you with a +0 antimagic trident.
You die...

####..#...#####..^.###.......
#..#.#....+.............#####
#....#....#####.#######.# #
#>.#.#.##≈≈≈≈≈≈≈≈≈..# #.# #
#..#.#.##≈##≈≈≈##≈#.###.# #
#..#.#.##≈#######≈#.....# #
#..#.#...≈≈#gg.#≈≈...########
#..#.###...'gg[#≈≈...'.....##
#.....###≈≈#@gg#≈≈...#####.#.
##.#..###≈#######≈...# #.#.
#.#....#≈##≈≈≈##≈..## #.#.
#.#.##..≈≈≈≈≈≈≈≈≈..# #.#.
#.#.#####.####.##### #.#.
#.#.# #.####.##########...
#.#.# #....#.#..........##
#.#.# ##.##............#.#(
#.#.####.....#..........#.#.


You could see a gnoll sergeant and 5 gnolls.

Vanquished Creatures
  2 black bears (D:4)
  An ogre (D:4)
  An iguana (D:4)
  2 adders
  A dart slug (D:3)
  5 orcs (D:4)
  5 bats
  2 endoplasms (D:1)
  3 giant cockroaches
  8 goblins
  3 hobgoblins (D:1)
  5 jackals
  9 kobolds
  8 quokkas
  4 ball pythons
  3 frilled lizards (D:1)
  22 rats
84 creatures vanquished.

Notes
Turn   | Place    | Note
-------+----------+-------------------------------------------
     0 | D:1      | porpoise the Hill Orc Fighter began the quest for the Orb.
     0 | D:1      | Reached XP level 1. HP: 19/19 MP: 1/1
    48 | D:1      | Reached skill level 3 in Axes
   108 | D:1      | Reached XP level 2. HP: 27/27 MP: 2/2
   245 | D:1      | Reached skill level 4 in Axes
   268 | D:1      | Reached XP level 3. HP: 29/33 MP: 3/3
   797 | D:2      | You fall into a shaft and drop 2 floors!
   802 | D:3      | Found a glowing silver altar of Zin.
   802 | D:3      | Found a shimmering altar of Xom.
   802 | D:3      | Noticed an angel
  1356 | D:3      | Reached XP level 4. HP: 41/41 MP: 4/4
  1460 | D:3      | Reached skill level 5 in Axes
  1809 | D:4      | Noticed a black bear
  1819 | D:4      | Killed a black bear
  1820 | D:4      | Reached skill level 5 in Fighting
  1820 | D:4      | Reached skill level 6 in Axes
  1820 | D:4      | Reached XP level 5. HP: 16/48 MP: 5/5
  2149 | D:4      | Noticed a +0 hand axe
  2151 | D:4      | Noticed a +0 dagger
  2153 | D:4      | Found a hide-covered altar of Uskayaw.
  2233 | D:4      | Noticed a black bear
  2246 | D:4      | Killed a black bear
  2247 | D:4      | Reached skill level 7 in Axes
  2247 | D:4      | Reached XP level 6. HP: 30/57 MP: 6/6
  2668 | D:4      | HP: 2/57 [gnoll/+0 spear[a gnoll sergeant] (2)]
  2673 | D:4      | Gained mutation: You are dopey. (Int -2) [potion of
                  | mutation]
  2673 | D:4      | Gained mutation: Your magical capacity is low. (-10% MP)
                  | [potion of mutation]
  2673 | D:4      | Slain by a gnoll sergeant

Illustrated notes

Levels and vault maps discovered:
D:1:      dpeg_arrival_shelter, layout_basic
D:2:      layout_loops_ring, hangedman_decor_peaks_small,
          kennysheep_generic_room_9
D:3:      layout_basic, grunt_temple_overflow_order_and_chaos_1, minmay_rat_hole
D:4:      cheibrodos_old_hovel, layout_basic, dancing_weapons_uskayaw,
          lightli_minifort

Skill      XL: |  1  2  3  4  5  6 |
---------------+-------------------+-----
Axes           | 3 4 6 7 |  7.7
Fighting       | 4 5 6 |  6.0
Armour         | |  3.2
Shields        | |  3.2

Action                     |  1- 3 |  4- 6 || total
---------------------------+-------+-------++-------
  Melee: War axe           |   129 |    78 ||   207
   Fire: Sling             |       |     9 ||     9
  Throw: Dart              |       |     4 ||     4
    Use: Scroll            |       |     1 ||     1
         Potion            |       |     3 ||     3
 Armour: Scale mail        |    65 |    36 ||   101
  Dodge: Dodged            |    53 |    60 ||   113
  Block: Buckler           |    33 |    29 ||    62

Table legend: (Time is in decaauts)
 A = Elapsed time spent in this place.
 B = Non-inter-level travel time spent in this place.
 C = Inter-level travel time spent in this place.
 D = Time resting spent in this place.
 E = Time spent auto-exploring this place.
 F = Levels seen in this place.
 G = Mean time per level.
                   A        B        C        D        E       F      G
               +--------+--------+--------+--------+--------+-----+--------+
         Total |   2730 |   2708 |     22 |    536 |   1620 |   4 |  682.5 |
       Dungeon |   2730 |   2708 |     22 |    536 |   1620 |   4 |  682.5 |
               +--------+--------+--------+--------+--------+-----+--------+

Top non-repeatable levels by time:
     D:3: 988 daAuts
     D:4: 924 daAuts
     D:1: 621 daAuts
     D:2: 196 daAuts
